 Dungeon Crawl Stone Soup version 0.23.2-1-ga50397a6bc (webtiles) character file.

Game seed: 13597398790029062657

112 Lennu the Covered (level 4, 0/35 HPs)
             Began as a Demonspawn Fighter on Apr 25, 2019.
             Killed from afar by an orc wizard (7 damage)
             ... with a magic dart
             ... on level 3 of the Dungeon.
             The game lasted 00:04:27 (2613 turns).

Lennu the Covered (Demonspawn Fighter)              Turns: 2613, Time: 00:04:27

Health: 0/35       AC:  3    Str: 18    XL:     4   Next: 64%
Magic:  4/4        EV:  7    Int:  9    God:
Gold:   151        SH: 12    Dex: 12    Spells: 3/3 levels left

rFire    + . .     SeeInvis .   a - +0 long sword
rCold    + . .     Gourm    .   c - +0 shield
rNeg     . . .     Faith    .   b - +0 scale mail
rPois    .         Spirit   .   (helmet restricted)
rElec    .         Reflect  +   (no cloak)
rCorr    .         Harm     .   (no gloves)
MR       .....                  (no boots)
Stlth    +.........             r - +3 amulet of reflection
HPRegen  0.11/turn              n - ring of stealth
MPRegen  0.09/turn              o - ring of protection from fire

@: no status effects
A: horns 1, cold resistance 1, deformed body, spiny 1, MP-powered wands
a: no special abilities


You were on level 3 of the Dungeon.
You were not hungry.

You visited 1 branch of the dungeon, and saw 3 of its levels.

You collected 151 gold pieces.

Inventory:

Hand Weapons
 a - a +0 long sword (weapon)
Armour
 b - a +0 scale mail (worn)
 c - a +0 shield (worn)
Jewellery
 n - a ring of stealth (left hand)
 o - a ring of protection from fire (right hand)
 r - a +3 amulet of reflection (around neck)
Scrolls
 e - a scroll of enchant armour {unknown}
 j - 3 scrolls of identify {unknown}
 k - a scroll of noise {unknown}
 m - a scroll of remove curse {unknown}
 p - a scroll of amnesia {unknown}
 q - a scroll of teleportation {unknown}
 s - a scroll of blinking {unknown}
Potions
 d - 2 potions of might
 h - a potion of curing
Comestibles
 f - 7 rations
 g - 8 chunks of flesh


   Skills:
 * Level 3.3 Fighting
 * Level 2.9 Long Blades
 * Level 3.4 Armour
 * Level 0.6 Dodging
 * Level 3.3 Shields


You had 3 spell levels left.
You didn't know any spells.
Your spell library was empty.

Dungeon Overview and Level Annotations

Branches:
Dungeon (3/15)

Altars:


Innate Abilities, Weirdness & Mutations

You have a pair of small horns on your head.
Your flesh is cold resistant. (rC+)
You are partially covered in sharp spines.
Armour fits poorly on your strangely shaped body.
You expend magic power (3 MP) to strengthen your wands.


Message History

It was a potion of curing.
You feel better. The orc closely misses you.
You riposte.
You hit the orc but do no damage. You block the gnoll's attack.
It was a potion of magic.
Magic courses through your body.
The gnoll hits you from afar with a +0 halberd.
You block the orc's attack. You block the gnoll's attack.
The gnoll hits you from afar with a +0 spear.
The gnoll hits you from afar with a +0 spear of piercing.
* * * LOW HITPOINT WARNING * * *
x2 It was a potion of mutation.
You feel extremely strange.
Your body twists and deforms.
You feel your magical essence link to your wands.
The orc barely misses you. You block the gnoll's attack.
The gnoll barely misses you. The gnoll hits you but does no damage.
You block the gnoll's attack. You block the orc's attack.
The orc hits you but does no damage.
The orc hits you from afar with a +0 trident.
* * * LOW HITPOINT WARNING * * *
The orc wizard points at you and mumbles some strange words.
The magic dart hits you!
You die...

..................
...............###
...............#
#.........÷....########
#.....................#
........o......÷.....#
.......ooo..........#
........o..........#
.......@o.gg.......#
......####gg....>..#
...... #.........#
...... #...).....# ....
#.........# ..
#.........# .
#.........# #.........#
...............


You could see an orc wizard, 4 gnolls and 5 orcs.

Vanquished Creatures
  5 adders (D:2)
  An ooze (D:1)
  A worm (D:2)
  2 dart slugs
  2 leopard geckos
  4 orcs
  2 giant cockroaches
  6 goblins
  4 hobgoblins
  3 jackals (D:1)
  A quokka (D:2)
  6 bats
  3 frilled lizards (D:2)
  4 kobolds
  8 rats
52 creatures vanquished.

Notes
Turn   | Place    | Note
-------+----------+-------------------------------------------
     0 | D:1      | Lennu the Demonspawn Fighter began the quest for the Orb.
     0 | D:1      | Reached XP level 1. HP: 18/18 MP: 1/1
   226 | D:1      | Gained mutation: You are partially covered in sharp spines.
                  | [demonic ancestry]
   226 | D:1      | Reached XP level 2. HP: 12/24 MP: 2/2
  1407 | D:2      | Gained mutation: Your flesh is cold resistant. (rC+)
                  | [demonic ancestry]
  1407 | D:2      | Reached XP level 3. HP: 20/29 MP: 3/3
  1602 | D:2      | Gained mutation: You have a pair of small horns on your
                  | head. [demonic ancestry]
  1602 | D:2      | Reached XP level 4. HP: 22/35 MP: 4/4
  2611 | D:3      | Gained mutation: Armour fits poorly on your strangely
                  | shaped body. [potion of mutation]
  2611 | D:3      | Gained mutation: You expend magic power (3 MP) to
                  | strengthen your wands. [potion of mutation]
  2613 | D:3      | Killed from afar by an orc wizard

Skill      XL: |  1  2 |
---------------+-------+-----
Long Blades    | 2 |  2.9
Armour         | 3 |  3.4
Shields        | 3 |  3.3
Fighting       | |  3.3
Dodging        | |  0.6

Action                   |  1- 3 |  4- 6 || total
-------------------------+-------+-------++-------
Melee: Long sword        |    85 |    44 ||   129
       Headbutt          |       |    11 ||    11
  Use: Potion            |     1 |     3 ||     4
  Eat: Chunk             |     2 |     3 ||     5
Armor: Scale mail        |    57 |    17 ||    74
Dodge: Dodged            |    23 |    19 ||    42
Block: Shield            |    55 |    37 ||    92
       Rpst.: Long sword |     5 |     3 ||     8
